 Dungeon Crawl Stone Soup version 0.19.0-9-gfd783f2 (webtiles) character file.

66 vev the Grave Robber (level 3, 0/31 HPs)
             Began as a Demigod Necromancer on Nov 7, 2016.
             Succumbed to an adder's poison
             ... on level 2 of the Dungeon.
             The game lasted 00:04:10 (1707 turns).

vev the Grave Robber (Demigod Necromancer)          Turns: 1707, Time: 00:04:11

Health: 0/31       AC:  5    Str: 13      XL:     3   Next: 69%
Magic:  16/17      EV: 10    Int: 18 (19) God:
Gold:   83         SH:  0    Dex: 14 (16) Spells: 1 memorised, 4 levels left

rFire  . . .     SeeInvis .     d - +2 dagger (elec)
rCold  . . .     Gourm    .     f - +0 ring mail
rNeg   . . .     Faith    .     (no shield)
rPois  .         Spirit   .     (no helmet)
rElec  .         Reflect  .     (no cloak)
rCorr  .         Harm     .     (no gloves)
MR     .....                    (no boots)
Stlth  +.........               (no amulet)
                                (no ring)
                                j - ring of magical power

@: lethally poisoned (0 -> -8), very slightly contaminated, heavily drained
A: high mp 1
a: no special abilities


You were on level 2 of the Dungeon.
You were not hungry.

You visited 1 branch of the dungeon, and saw 2 of its levels.

You collected 83 gold pieces.

Inventory:

Hand Weapons
 d - a +2 dagger of electrocution (weapon)
Armour
 a - a +0 robe
 f - a +0 ring mail (worn)
Jewellery
 j - a ring of magical power (left hand)
Wands
 i - a wand of iceblast (7/15)
Scrolls
 e - a scroll of amnesia {unknown}
 g - a scroll of remove curse {unknown}
 h - 2 scrolls of identify {unknown}
 k - a scroll of teleportation {unknown}
Potions
 m - a potion of agility {unknown}
Books
 b - a book of Necromancy

   Spells                             Type                      Level
   a - Pain                           Necromancy                   1
   b - Animate Skeleton               Necromancy                   1
   c - Vampiric Draining              Necromancy                   3
   d - Regeneration                   Charms/Necromancy            3
   e - Animate Dead                   Necromancy                   4
   f - Control Undead                 Necromancy                   4
Comestibles
 c - a bread ration
 l - a chunk of flesh


   Skills:
 + Level 3.3(1.7) Fighting
 - Level 1.7(0.3) Dodging
 - Level 1.7(0.3) Stealth
 - Level 1.7(0.3) Spellcasting
 - Level 3.6(2.0) Necromancy


You had 4 spell levels left.
You knew the following spells:

 Your Spells              Type           Power        Failure   Level  Hunger
a - Pain                  Necr           #...         21%         1    ##.....


Dungeon Overview and Level Annotations

Branches:
Dungeon (2/15)


Innate Abilities, Weirdness & Mutations

You have an increased reservoir of magic. (+10% MP)


Message History

You barely miss the adder.
The adder is almost dead.
* * * LOW HITPOINT WARNING * * *
You feel sick. The adder bites you but does no damage.
Unknown command.
You completely miss the adder.
The adder is almost dead.
* * * LOW HITPOINT WARNING * * *
You feel sick.
The adder bites you but does no damage. x2
Unknown command.
You completely miss the adder.
The adder is almost dead.
* * * LOW HITPOINT WARNING * * *
You feel sick. The adder bites you.
* * * LOW HITPOINT WARNING * * *
Unknown command.
You hit the adder.
You kill the adder!
You feel your strength returning.
You die...

####### #.....#### .
#..>..##.. ..# #.....##..
.... #.....#... .....
#........#
......##########.......##
........@.............###
.......##...##...)"......
........#..<##.......#.#.
............#........#.##
.........................
#..###.......#...........
#.. ####..#..........###.
.. ....................#
.................##.#


There were no monsters in sight!

Vanquished Creatures
  3 adders (D:2)
  3 leopard geckos
  5 bats
  A giant cockroach (D:2)
  2 goblins
  2 hobgoblins (D:1)
  5 jackals
  10 frilled lizards (D:2)
  4 kobolds
  3 rats
38 creatures vanquished.

Notes
Turn   | Place    | Note
-------+----------+-------------------------------------------
     0 | D:1      | vev the Demigod Necromancer began the quest for the Orb.
     0 | D:1      | Reached XP level 1. HP: 14/14 MP: 5/5
   374 | D:1      | Reached skill level 1 in Fighting
   516 | D:1      | Reached XP level 2. HP: 23/23 MP: 7/7
   847 | D:2      | Reached skill level 2 in Fighting
  1167 | D:2      | Reached XP level 3. HP: 17/30 MP: 8/8
  1180 | D:2      | Reached skill level 3 in Fighting
  1706 | D:2      | HP: 1/31 [adder (4)]
  1707 | D:2      | Succumbed to an adder's poison

Skill      XL: |  1  2  3 |
---------------+----------+-----
Fighting       | 1 2 3 |  3.3
Dodging        | |  1.7
Stealth        | |  1.7
Spellcasting   | |  1.7
Necromancy     | |  3.6

Action                   || total
-------------------------++-------
Melee: Dagger            ||    94
 Cast: Pain              ||     8
  Use: Potion            ||     3
  Eat: Chunk             ||     3
Armor: Robe              ||     2
       Ring mail         ||    35
Dodge: Dodged            ||    50
